 Dungeon Crawl Stone Soup version 0.20.1-1-g8b1a95d (webtiles) character file.

5339 Humpert the Martial Artist (level 10, -11/86 HPs)
             Began as a Grey Draconian Transmuter on Oct 13, 2017.
             Was a Believer of Sif Muna.
             Mangled by a two-headed ogre
             ... wielding a +0 giant club
              (12 damage)
             ... on level 10 of the Dungeon.
             The game lasted 00:50:05 (13459 turns).

Humpert the Martial Artist (DrTm)                  Turns: 13459, Time: 00:50:05

Health: -11/86     AC: 20    Str: 13    XL:     10   Next: 38%
Magic:  17/17      EV: 15    Int: 14    God:    Sif Muna [**....]
Gold:   599        SH:  0    Dex: 14    Spells: 12/18 levels left

rFire    . . .     SeeInvis .     - Unarmed
rCold    . . .     Gourm    .   (no shield)
rNeg     + . .     Faith    .   (armour unavailable)
rPois    .         Spirit   .   (helmet restricted)
rElec    .         Reflect  .   p - +1 cloak
rCorr    .         Harm     .   (no gloves)
MR       .....                  w - +2 pair of boots
Stlth    +.........             (no amulet)
Regen    0.3/turn               j - ring of positive energy
MPRegen  0.2/turn               s - +3 ring of protection

@: lethally poisoned (-11 -> -12), appendage
A: walk through water, unfitting armour, horns 2, unbreathing, cold-blooded, AC
+12
a: End Transformation, Divine Energy, Renounce Religion


You were on level 10 of the Dungeon.
You worshipped Sif Muna.
Sif Muna was pleased with you.
You were not hungry.
You had grown temporary horns.
You visited 2 branches of the dungeon, and saw 11 of its levels.
You also visited: Sewer.

You collected 599 gold pieces.

Inventory:

Hand Weapons
 l - a +3 whip of electrocution
 z - a +3 quarterstaff of chaos
 J - a +4 quarterstaff
Missiles
 B - 6 arrows
Armour
 p - a +1 cloak (worn)
 w - a +2 pair of boots (worn)
Jewellery
 j - a ring of positive energy (left hand)
 n - an uncursed amulet of guardian spirit {unknown}
 s - a +3 ring of protection (right hand)
 v - a +3 ring of dexterity {unknown}
 D - an uncursed ring of ice {unknown}
Wands
 o - a wand of disintegration (14/24)
 A - a wand of confusion (19/48)
 E - a wand of acid (12/15)
 G - a wand of digging (8/24)
 I - a wand of paralysis (3/24)
Scrolls
 d - 2 scrolls of teleportation
 e - a scroll of identify
 g - a scroll of enchant weapon
 k - a scroll of blinking
 m - a scroll of fear
 y - 3 scrolls of remove curse
 C - a scroll of amnesia {unknown}
 H - a scroll of magic mapping
Potions
 a - 2 potions of flight
 h - 6 potions of curing
 q - 2 potions of might {unknown}
 u - 2 potions of agility {unknown}
 x - 4 potions of mutation {unknown}
 F - a potion of resistance {unknown}
Books
 b - a book of Changes

   Spells                             Type                      Level
   a - Beastly Appendage              Transmutation                1
   b - Sticks to Snakes               Transmutation                2
   c - Spider Form                    Transmutation/Poison         3
   d - Ice Form                       Ice/Transmutation            4
   e - Blade Hands                    Transmutation                5
 r - a book of Maledictions

   Spells                             Type                      Level
   a - Corona                         Hexes                        1
   b - Ensorcelled Hibernation        Hexes/Ice                    2
   c - Confuse                        Hexes                        3
   d - Tukima's Dance                 Hexes                        3
   e - Dazzling Spray                 Conjuration/Hexes            3
Comestibles
 c - 13 bread rations
 i - 3 meat rations
 t - 4 royal jellies


   Skills:
 * Level 7.1 Fighting
 + Level 5.6 Dodging
 + Level 8.7 Unarmed Combat
 + Level 4.8 Spellcasting
 + Level 6.8 Transmutations
 - Level 4.3 Poison Magic
 * Level 2.7 Evocations


You had 12 spell levels left.
You knew the following spells:

 Your Spells              Type           Power        Failure   Level  Hunger
a - Beastly Appendage     Tmut           ###...       1%          1    None
b - Sticks to Snakes      Tmut           ###.....     1%          2    ##.....
c - Spider Form           Tmut/Pois      ###.......   5%          3    ###....


Dungeon Overview and Level Annotations

Branches:
Dungeon (10/15)            Temple (1/1) D:6            Lair (0/6) D:9
    Orc (0/2) D:10

Altars:
Ashenzari
Cheibriados
Dithmenos
Elyvilon
Fedhas
Gozag
Hepliaklqana
Kikubaaqudgha
Makhleb
Nemelex Xobeh
Okawaru
Qazlal
Ru
Sif Muna
Trog
Uskayaw
Vehumet
Xom
Yredelemnul
Zin
The Shining One

Shops:
D:7 [

Annotations:
D:4 2 transporters, dscm's ghost, weakling HOFi
D:9 1 runed door


Innate Abilities, Weirdness & Mutations

You can walk through water.
Your dull iron-grey scales are very hard. (AC +12)
You cannot fit into any form of body armour.
You can survive without breathing.
You are cold-blooded and may be slowed by cold attacks.
You have a pair of horns on your head.


Message History

The two-headed ogre closely misses you.
The two-headed ogre hits you with a giant spiked club.
* * * LOW HITPOINT WARNING * * *
You barely miss the two-headed ogre.
The two-headed ogre is severely wounded.
The two-headed ogre hits you with a giant club!
* * * LOW HITPOINT WARNING * * *
The two-headed ogre misses you.
You hit the two-headed ogre. You headbutt the two-headed ogre.
The two-headed ogre is severely wounded.
You barely miss the two-headed ogre.
The two-headed ogre is severely wounded.
* * * LOW HITPOINT WARNING * * *
You feel sick.
The two-headed ogre closely misses you. x2
You hit the two-headed ogre but do no damage.
The two-headed ogre is severely wounded.
You punch the two-headed ogre!
The two-headed ogre is almost dead.
The two-headed ogre hits you with a giant club!
You die...

.##..######..##..##....##yy
.##..'....#......'.......
.#...#....#......#.....
.##'###'#######'###?.#
###..##..###.##..##..####.
.##..#................(....
.....+..........So.........
.######.########O###.####..
.# ### ##@###.### . .#
#[........ .#
#........♣♣..≈♣≈.. .#
#.......P≈...≈≈♣≈.
.########
##..#♣≈≈P≈≈..≈≈≈♣♣
.##..##.####
##..♣≈P≈≈≈...≈≈≈≈♣♣
###...#.>..#
#...♣≈≈≈≈≈≈...≈≈≈♣♣
.##...'....#
#...♣≈≈≈≈P≈..≈≈P♣♣♣
.....####'##
#...♣P≈≈≈≈♣...≈≈≈♣♣


You could see a two-headed ogre, an adder and an orc.

Vanquished Creatures
  The ghost of Terandir the Thaumaturge, a novice DEEE (D:9)
  Psyche (D:10)
  A gargoyle (D:10)
  Grinder (D:5)
  3 hogs (D:7)
  A yak (D:7)
  A human (D:7)
  A soldier ant (D:10)
  2 orc warriors (D:8)
  A phantom (D:9)
  2 black bears
  An ice beast (D:9)
  A necrophage (D:7)
  A centaur (D:6)
  An ogre (D:7)
  3 big kobolds
  3 bullfrogs
  A gnoll sergeant (D:7)
  A water moccasin zombie (D:8)
  A wyvern skeleton (D:8)
  A scorpion (D:5)
  6 killer bees (D:10)
  2 howler monkeys
  2 bullfrog zombies (D:8)
  6 crimson imps
  A quasit (D:10)
  Crazy Yiuf (D:6)
  6 hounds
  2 centaur skeletons (D:7)
  2 orc priests
  A bullfrog skeleton (D:7)
  2 jellies
  4 iguanas
  8 orc wizards
  5 worker ants
  A hound skeleton (D:9)
  2 worker ant zombies
  4 gnolls
  A howler monkey skeleton (D:4)
  8 adders
  2 river rats (Sewer)
  A shadow imp (D:9)
  2 oozes
  2 adder skeletons
  4 worms
  A dart slug (D:2)
  8 leopard geckos
  22 orcs
  6 giant cockroaches
  7 goblins
  7 hobgoblins
  8 jackals
  5 quokkas
  2 ball pythons
  9 bats
  3 frilled lizards
  3 jackal zombies
  7 kobolds
  A quokka skeleton (D:4)
  12 rats
205 creatures vanquished.

Vanquished Creatures (collateral kills)
  2 ogres
  An electric eel (D:10)
  An orc priest (D:8)
  4 gnolls
  2 adders
  A bat (D:2)
  A frilled lizard (D:2)
  2 goblins
  A rat (D:1)
15 creatures vanquished.

Grand Total: 220 creatures vanquished

Notes
Turn   | Place    | Note
-------+----------+-------------------------------------------
     0 | D:1      | Humpert the Draconian Transmuter began the quest for the Orb.
     0 | D:1      | Reached XP level 1. HP: 16/16 MP: 3/3
   278 | D:1      | You fall through a shaft!
   296 | D:2      | Reached XP level 2. HP: 23/23 MP: 5/5
   300 | D:2      | Learned a level 2 spell: Sticks to Snakes
  1011 | D:1      | Reached XP level 3. HP: 27/29 MP: 3/6
  1517 | D:2      | Found a hide-covered altar of Uskayaw.
  1743 | D:2      | Learned a level 3 spell: Spider Form
  1789 | D:2      | Reached XP level 4. HP: 18/37 MP: 2/7
  3042 | D:3      | Reached XP level 5. HP: 38/44 MP: 9/9
  4214 | D:4      | Noticed dscm's ghost (weakling HOFi)
  4523 | D:4      | Found a transporter.
  4584 | D:4      | Reached skill level 4 in Unarmed Combat
  4584 | D:4      | Reached XP level 6. HP: 21/51 MP: 10/10
  5325 | D:4      | Found a transporter.
  5513 | D:5      | Entered Level 5 of the Dungeon
  5558 | D:5      | Noticed Grinder
  5562 | D:5      | Paralysed by Grinder for 5 turns
  5578 | D:5      | Paralysed by Grinder for 2 turns
  5583 | D:5      | Killed Grinder
  5583 | D:5      | Reached skill level 1 in Poison Magic
  5739 | D:5      | Found a glowing drain.
  5742 | D:5      | Your scales start taking on a dull iron-grey colour.
  5742 | D:5      | Reached XP level 7. HP: 58/58 MP: 9/11
  5742 | D:5      | Gained mutation: You can survive without breathing. [Grey Draconian growth]
  5766 | Sewer    | Entered a sewer
  5940 | Sewer    | Found a white marble altar of Elyvilon.
  6233 | D:5      | Reached skill level 5 in Unarmed Combat
  7193 | D:6      | Found a shimmering altar of Xom.
  7295 | D:6      | Found a stormy altar of Qazlal.
  7360 | D:6      | Found an ancient bone altar of Kikubaaqudgha.
  7381 | D:6      | Found a staircase to the Ecumenical Temple.
  7418 | Temple   | Entered the Ecumenical Temple
  7790 | Temple   | Became a worshipper of Sif Muna the Loreminder
  7916 | D:6      | Found a runed door.
  7947 | D:6      | Noticed Crazy Yiuf
  7951 | D:6      | Killed Crazy Yiuf
  8149 | D:7      | Reached XP level 8. HP: 67/67 MP: 9/12
  8274 | D:7      | Reached skill level 6 in Unarmed Combat
  8288 | D:7      | Reached skill level 5 in Fighting
  8305 | D:7      | Reached skill level 5 in Transmutations
  8313 | D:7      | Reached skill level 7 in Unarmed Combat
  8917 | D:7      | Reached XP level 9. HP: 74/74 MP: 6/13
  9129 | D:7      | Found an iron altar of Okawaru.
  9461 | D:7      | Found Buizudiw's Armour Shop.
  9881 | D:8      | Reached * piety under Sif Muna
 10760 | D:8      | Reached skill level 8 in Unarmed Combat
 10788 | D:8      | Reached skill level 5 in Dodging
 11199 | D:9      | Found a runed door.
 11199 | D:9      | Noticed a sixfirhy
 11271 | D:9      | Found a shattered altar of Ashenzari.
 11641 | D:9      | Found a basalt altar of Yredelemnul.
 11644 | D:9      | Noticed a profane servitor
 11655 | D:9      | Found a staircase to the Lair.
 11655 | D:9      | Noticed Terandir's ghost (novice DEEE)
 12124 | D:9      | Killed Terandir's ghost
 12124 | D:9      | Reached skill level 1 in Evocations
 12124 | D:9      | Reached XP level 10. HP: 83/84 MP: 7/16
 12511 | D:9      | Found a glowing golden altar of the Shining One.
 12521 | D:9      | Noticed an angel
 12558 | D:10     | Entered Level 10 of the Dungeon
 12942 | D:10     | Reached ** piety under Sif Muna
 13035 | D:10     | Found a staircase to the Orcish Mines.
 13046 | D:10     | Noticed Psyche
 13064 | D:10     | Killed Psyche
 13119 | D:10     | Noticed a gargoyle
 13138 | D:10     | Killed a gargoyle
 13433 | D:10     | Noticed a two-headed ogre
 13455 | D:10     | HP: 1/86 [two-headed ogre/giant club (12)]
 13459 | D:10     | Mangled by a two-headed ogre

Skill      XL: |  1  2  3  4  5  6  7  8  9 10 |
---------------+-------------------------------+-----
Dodging        | 2 3 4 5 |  5.6
Fighting       | 2 3 4 5 6 7 |  7.1
Transmutations | 3 4 5 6 |  6.8
Spellcasting   | 3 4 |  4.8
Unarmed Combat | 4 5 7 8 |  8.7
Poison Magic   | 1 2 3 4 |  4.3
Evocations     | 1 2 |  2.7

Action                   |  1- 3 |  4- 6 |  7- 9 | 10-12 || total
-------------------------+-------+-------+-------+-------++-------
Melee: Unarmed           |   108 |   226 |   482 |   142 ||   958
       Tailslap          |     9 |    27 |    47 |    15 ||    98
       Headbutt          |     4 |    17 |    64 |    22 ||   107
       Kick              |     2 |     5 |       |       ||     7
       Punch             |       |     2 |    12 |     5 ||    19
 Cast: Sticks to Snakes  |    10 |     6 |    42 |     8 ||    66
       Beastly Appendage |     6 |    18 |    42 |    11 ||    77
       Spider Form       |       |       |     5 |       ||     5
  Use: Scroll            |       |    15 |     7 |     2 ||    24
       Potion            |       |       |     4 |     4 ||     8
 Stab: Sleeping          |     1 |     1 |     1 |       ||     3
       Distracted        |       |       |     3 |       ||     3
  Eat: Chunk             |     3 |     6 |     5 |       ||    14
       Fruit             |       |     5 |       |       ||     5
       Meat ration       |       |     1 |     3 |       ||     4
       Royal jelly       |       |     1 |     2 |     1 ||     4
Armor: Skin              |    32 |    60 |   158 |   133 ||   383
Dodge: Dodged            |    94 |   142 |   272 |    70 ||   578
